 Dungeon Crawl Stone Soup version 0.27-a0-1188-g73eefd5def (webtiles) character file.

Game seed: 1349347937211075097

105439 Strat the Warrior (level 16, -7/116 HPs)
             Began as a Kobold Berserker on May 21, 2021.
             Was a High Priest of Trog.
             Blown up by a great orb of eyes (44 damage)
             ... with a mindburst bolt
             ... on level 15 of the Dungeon.
             The game lasted 01:15:33 (38495 turns).

Strat the Warrior (Kobold Berserker)               Turns: 38495, Time: 01:15:34

Health: -7/116     AC: 24    Str: 18    XL:     16   Next: 95%
Magic:  16/16      EV: 18    Int:  9    God:    Trog [*****.]
Gold:   3266       SH:  0    Dex: 17    Spells: 15/15 levels left

rFire    . . .     SeeInvis .   a - +6 quick blade (vorpal)
rCold    . . .     Faith    +   (shield restricted)
rNeg     + . .     Spirit   .   n - +1 pearl dragon scales
rPois    .         Reflect  .   r - +2 helmet
rElec    .         Harm     .   o - +0 cloak
rCorr    .         Rampage  .   (no gloves)
Will     +....                  (no boots)
Stlth    ++++......             t - amulet of faith
HPRegen  0.29/turn              K - +4 ring of slaying
MPRegen  0.15/turn              p - +4 ring of protection

@: on berserk cooldown
A: small, no large weapons, nightstalker 3
a: Renounce Religion, Berserk, Trog's Hand, Brothers in Arms


You were on level 15 of the Dungeon.
You worshipped Trog.
Trog was extremely pleased with you.
You visited 3 branches of the dungeon, and saw 23 of its levels.
You also visited: Sewer and Gauntlet.

You collected 3480 gold pieces.
You spent 214 gold pieces at shops.

Inventory:

Hand Weapons
 a - a +6 vorpal quick blade (weapon)
 b - a +5 arbalest of flaming
 s - a +9 quick blade
 J - a +4 scimitar of flaming
 P - the +10 scimitar of Saltpetre {freeze, rF+ rN+ Int+4 Dex-3}
   (You took it off a minotaur in a Gauntlet)

   It has been specially enchanted to freeze those struck by it, causing extra
   injury to most foes and up to half again as much damage against particularly
   susceptible opponents.
   It can also slow down cold-blooded creatures.
   It affects your intelligence (+4).
   It affects your dexterity (-3).
   It protects you from fire.
   It protects you from negative energy.
 V - a +2 rapier of speed
Missiles
 c - 929 stones
 f - 3 curare-tipped darts
 m - 8 atropa-tipped darts
 w - 2 boomerangs of dispersal
 C - 3 throwing nets
 L - 137 bolts
Armour
 n - +1 pearl dragon scales (worn)
 o - a +0 cloak (worn)
 r - a +2 helmet (worn)
 R - a +2 buckler
Jewellery
 e - a ring of protection from fire
 p - a +4 ring of protection (right hand)
 t - an amulet of faith (around neck)
 y - the ring of Jufan {Wiz rPois Dex+2}
   (You found it in a Gauntlet)

   [ring of wizardry]

   It improves your spell success rate.
   It affects your dexterity (+2).
   It protects you from poison.
 F - a +6 ring of strength
 I - a ring of positive energy
 K - a +4 ring of slaying (left hand)
 Q - a ring of resist corrosion
Wands
 k - a wand of digging (13)
 l - a wand of mindburst (10)
 x - a wand of paralysis (18)
 A - a wand of iceblast (32)
 D - a wand of flame (65)
 T - a wand of charming (9)
Scrolls
 j - 7 scrolls of teleportation
 v - 4 scrolls of magic mapping
 E - 11 scrolls of identify
 N - a scroll of fear
 O - 4 scrolls of holy word
 S - a scroll of fog
 U - a scroll of enchant armour
Potions
 d - a potion of resistance
 g - a potion of heal wounds
 i - 2 potions of berserk rage
 q - 4 potions of curing
 u - 3 potions of flight
 z - 6 potions of haste
 B - 2 potions of lignification
 G - 2 potions of mutation
 H - a potion of magic
 W - a potion of might
Miscellaneous
 M - a condenser vane
 X - a piece from Xom's chessboard (15/15)


   Skills:
 - Level 19.0 Fighting
 - Level 10.0(10.7) Short Blades
 + Level 4.1(5.8) Long Blades
 - Level 7.7 Crossbows
 - Level 10.0 Armour
 - Level 12.2 Dodging
 - Level 10.0 Stealth
 - Level 5.6 Shields
 - Level 10.0 Evocations


You had 15 spell levels left.
You didn't know any spells.
Your spell library was empty.

Dungeon Overview and Level Annotations

Branches:
Dungeon (15/15)            Temple (0/1) D:4            Lair (6/6) D:9
 Shoals (0/4) Lair:3       Spider (0/4) Lair:3        Slime (0/5) Lair:5
    Orc (2/2) D:9             Elf (0/3) Orc:2        Vaults (0/5) D:13
  Sewer (visited)         Gauntlet (visited)
 Depths: D:15

Altars:
Dithmenos
Fedhas
Kikubaaqudgha
Okawaru
Qazlal
Ru
Sif Muna
Vehumet
Yredelemnul
The Shining One
Beogh

Shops:
D:5 (   Orc:2 **:(

Annotations:
D:4 2 transporters, lunkers's ghost, amateur VSFi
D:6 LordUnchemael's ghost, novice TrCK
D:15 exclusion: statue
Lair:2 exclusion: 3 oklob plants
Lair:5 exclusion: oklob plant


Innate Abilities, Weirdness & Mutations

You are small and have problems with some larger weapons.
You are completely attuned to the shadows.


Message History

You hear a shout!
You hear a horrible gurgling sound!
You hear a shout!
You hear a horrible gurgling sound!
You hear a shout!
You hear a horrible gurgling sound!
The rakshasa closely misses you.
You hit the rakshasa.
The rakshasa is almost dead.
You hit the rakshasa but do no damage.
The rakshasa is almost dead.
The rakshasa blinks!
Blink to where?
Press: ? - help, Dir - move target, p - rakshasa
As you read the scroll of blinking, it crumbles to dust.
You hit the rakshasa.
You kill the rakshasa!
Trog accepts your kill. The great orb of eyes gazes at you.
You resist with some effort. The great orb of eyes gazes at you.
You resist with some effort. The great orb of eyes gazes at you.
You suddenly lose the ability to move!
You can move again.
You hit the great orb of eyes but do no damage.
The great orb of eyes is moderately wounded.
You feel yourself speed up.
You puncture the great orb of eyes!
The great orb of eyes is moderately wounded.
The great orb of eyes bites you!
* * * LOW HITPOINT WARNING * * *
You hit the great orb of eyes but do no damage.
The great orb of eyes is moderately wounded.
You puncture the great orb of eyes!
The great orb of eyes is heavily wounded.
You hit the great orb of eyes but do no damage.
The great orb of eyes is heavily wounded.
You hit the great orb of eyes.
The great orb of eyes is heavily wounded.
The great orb of eyes gazes at you.
Your mind is blasted!
You die...

##...###.# #####..)...()#
###.....##################)..(..
##.......).)..≈).##..........[
####...###)..##..#....######.
##### #..)###.#....######≈ ####
#...# #......#...... ##..##
#...# ##.....#.#.... ###..GR####
#...# #..###..##### #...).G.'.#
#^.@# ##.# #...# #..#...u##.#
#..G# #.# #...# .. ##..##R.#
#...# #.# ##..# .
#####§####..(## #.# #...
#............####'###
#.......)..:........#
#...................#
#.......[...........#
....#########.......#


You could see a great orb of eyes.

Vanquished Creatures
  An orc warlord (Orc:1)
  A reaper (Gauntlet)
  A minotaur (Gauntlet)
  Snorg (Orc:2)
  A fire dragon (Lair:6)
  A great orb of eyes (D:13)
  3 rakshasas (D:15)
  2 boulder beetles (D:15)
  2 ogre magi
  A vault guard (D:13)
  Erolcha (Orc:1)
  12 hydras
  6 centaur warriors
  5 death yaks (Lair:3)
  8 two-headed ogres
  A hell hog (Gauntlet)
  3 orc high priests
  A skeletal warrior (D:11)
  A lindwurm (Lair:6)
  A phantasmal warrior (D:12)
  2 wolf spiders (Lair:6)
  2 orc knights (Orc:2)
  2 deep elf pyromancers
  3 cyclopes
  An orb spider (shapeshifter) (D:13)
  The ghost of tehphobia the Firebug, a novice GnFE (D:6)
  10 ugly things
  A manticore (D:10)
  8 orc sorcerers
  9 elephants
  Maurice (D:11)
  8 black mambas
  5 centaur zombies
  A gargoyle (D:14)
  15 cane toads
  6 torpor snails
  An unseen horror (D:13)
  A freezing wraith (D:12)
  3 rime drakes
  3 kobold demonologists (D:11)
  11 komodo dragons
  A hellwing (Gauntlet)
  An efreet (D:9)
  A tengu conjurer (D:9)
  The ghost of Sopht the Shield-Bearer, an amateur MiFi (D:6)
  4 tyrant leeches (Lair:6)
  5 polar bears (Lair:3)
  Grinder (D:3)
  14 hornets
  4 trolls
  4 slime creatures (D:15)
  4 blink frogs (Lair:1)
  A redback (shapeshifter) (D:9)
  2 water elementals (D:15)
  2 spriggans
  A vampire (D:10)
  A redback (Lair:3)
  A shadow (D:10)
  14 wyverns
  62 yaks
  2 fire bats (Gauntlet)
  3 steam dragons
  6 basilisks
  A vampire mosquito (D:10)
  8 wargs
  5 acid dragons
  17 water moccasins
  A hell hound (Gauntlet)
  37 orc warriors
  2 ice beasts
  18 ogres
  A sky beast (D:7)
  3 black bears
  16 wolves
  11 centaurs
  2 phantoms
  8 kobold brigands
  18 bullfrogs
  2 wyvern skeletons
  A wyvern zombie (D:6)
  A water moccasin skeleton (D:5)
  2 scorpions
  2 wights (D:6)
  8 killer bees
  8 howler monkeys
  4 electric eels
  A bullfrog zombie (D:7)
  11 hounds
  2 jellies
  5 gnoll shamans
  29 orc priests
  A centaur skeleton (D:5)
  2 iguanas
  47 orc wizards
  Natasha (D:3)
  2 killer bee zombies
  4 howler monkey zombies
  Robin (D:3)
  14 gnolls
  4 adders
  A river rat (D:3)
  3 shadow imps
  2 white imps
  3 ufetubi
  2 adder skeletons
  10 worms
  106 orcs
  10 ball pythons
  7 endoplasms
  3 giant cockroaches
  13 goblins
  7 hobgoblins
  11 jackals
  32 kobolds
  2 quokkas
  5 bats
  3 frilled lizards
  3 rats
805 creatures vanquished.

Vanquished Creatures (collateral kills)
  2 ugly things (D:15)
  A torpor snail (Lair:6)
3 creatures vanquished.

Vanquished Creatures (others)
  3 orc priests
  An orc wizard (D:7)
  38 fungi
  123 plants
165 creatures vanquished.

Grand Total: 973 creatures vanquished

Notes
Turn   | Place    | Note
-------+----------+-------------------------------------------
     0 | D:1      | Strat the Kobold Berserker began the quest for the Orb.
     0 | D:1      | Reached XP level 1. HP: 14/14 MP: 1/1
   136 | D:1      | Reached skill level 1 in Stealth
   343 | D:1      | Reached XP level 2. HP: 19/19 MP: 2/2
   727 | D:1      | Reached XP level 3. HP: 23/23 MP: 3/3
   937 | D:1      | Reached ** piety under Trog
  1106 | D:1      | Reached skill level 5 in Short Blades
  1425 | D:2      | Reached XP level 4. HP: 26/28 MP: 4/4
  1939 | D:2      | Reached XP level 5. HP: 29/32 MP: 5/5
  2373 | D:3      | Found a glowing drain.
  2412 | Sewer    | Entered a sewer
  2629 | Sewer    | Noticed a water moccasin
  2633 | Sewer    | Killed a water moccasin
  2634 | Sewer    | Reached skill level 5 in Stealth
  2634 | Sewer    | Reached XP level 6. HP: 37/37 MP: 6/6
  2961 | D:3      | Noticed Grinder
  2983 | D:3      | Killed Grinder
  2984 | D:3      | Reached XP level 7. HP: 41/41 MP: 7/7
  3068 | D:3      | Reached *** piety under Trog
  3127 | D:3      | Found a basalt altar of Yredelemnul.
  3130 | D:3      | Noticed Natasha
  3146 | D:3      | Killed Natasha
  3834 | D:3      | Noticed Robin
  3842 | D:3      | Killed Robin
  3962 | D:3      | Found a faded altar of an unknown god.
  4046 | D:3      | Found a shimmering blue altar of Sif Muna.
  4047 | D:3      | Found an ancient bone altar of Kikubaaqudgha.
  4052 | D:3      | Found a shadowy altar of Dithmenos.
  4056 | D:3      | Found a blossoming altar of Fedhas.
  4235 | D:4      | Found a transporter.
  4235 | D:4      | Noticed lunkers's ghost (amateur VSFi)
  4245 | D:4      | Found a staircase to the Ecumenical Temple.
  4313 | D:4      | Reached XP level 8. HP: 46/46 MP: 8/8
  4674 | D:4      | Found a transporter.
  5257 | D:5      | Entered Level 5 of the Dungeon
  5297 | D:5      | Reached **** piety under Trog
  5298 | D:5      | Reached skill level 4 in Fighting
  5784 | D:5      | Found Byimoy's Antique Weapon Emporium.
  6563 | D:6      | Reached skill level 5 in Fighting
  6763 | D:6      | Reached XP level 9. HP: 50/54 MP: 9/9
  6833 | D:6      | Reached skill level 10 in Short Blades
  6833 | D:6      | Reached skill level 10 in Stealth
  7485 | D:6      | Found a runed translucent gate.
  7486 | D:6      | Found a runed translucent gate.
  7486 | D:6      | Found a runed translucent gate.
  7505 | D:6      | Noticed Sopht's ghost (amateur MiFi)
  7505 | D:6      | Noticed LordUnchemael's ghost (novice TrCK)
  7505 | D:6      | Noticed tehphobia's ghost (novice GnFE)
  7858 | D:6      | Killed tehphobia's ghost
  7859 | D:6      | Reached skill level 6 in Fighting
  7918 | D:6      | Killed Sopht's ghost
  7919 | D:6      | Reached skill level 5 in Dodging
  8192 | D:7      | Reached XP level 10. HP: 61/61 MP: 10/10
  8222 | D:7      | Reached skill level 7 in Fighting
  8797 | D:7      | Reached skill level 8 in Fighting
  8797 | D:7      | Reached skill level 5 in Armour
  9543 | D:7      | Reached ***** piety under Trog
  9769 | D:7      | Reached skill level 9 in Fighting
 10336 | D:7      | Reached skill level 10 in Fighting
 10336 | D:7      | Reached XP level 11. HP: 66/72 MP: 11/11
 10439 | D:8      | Reached skill level 1 in Shields
 10471 | D:8      | Identified a scroll of acquirement
 10471 | D:8      | Acquired a +9 quick blade
 10758 | D:8      | Found a stormy altar of Qazlal.
 11085 | D:8      | Found the +15 Maxwell's patent armour {-Cast -Tele rElec
                  | Will+ rCorr}
 11504 | D:8      | Received a gift from Trog
 11577 | D:8      | Reached skill level 5 in Shields
 11839 | D:9      | Noticed a two-headed ogre
 11857 | D:9      | Found an iron altar of Okawaru.
 12045 | D:9      | Found a sacrificial altar of Ru.
 12046 | D:9      | Found a glowing golden altar of the Shining One.
 12088 | D:9      | Noticed a six-headed hydra
 12104 | D:9      | Killed a six-headed hydra
 12593 | D:9      | Killed a two-headed ogre
 12711 | D:9      | Found a staircase to the Lair.
 13699 | D:9      | Reached XP level 12. HP: 71/79 MP: 12/12
 14175 | D:9      | Found a staircase to the Orcish Mines.
 14255 | D:10     | Entered Level 10 of the Dungeon
 14299 | D:10     | Reached skill level 11 in Fighting
 14612 | D:10     | Noticed an ogre mage
 14627 | D:10     | Killed an ogre mage
 14630 | D:10     | Noticed a six-headed hydra
 14630 | D:10     | Noticed a seven-headed hydra
 14789 | D:10     | Identified the ring "Utyguen" {+Blink rF- Will- rCorr
                  | Str+6}
 15541 | D:10     | Killed a seven-headed hydra
 15843 | D:10     | Killed a six-headed hydra
 15844 | D:10     | Reached skill level 12 in Fighting
 16467 | D:11     | Noticed Maurice
 16470 | D:11     | Killed Maurice
 16864 | D:11     | Noticed a sun demon
 16884 | D:11     | Reached XP level 13. HP: 86/86 MP: 13/13
 16908 | D:11     | Reached skill level 10 in Dodging
 17776 | D:12     | Received a gift from Trog
 17793 | D:12     | You fall into a shaft and drop 2 floors!
 17997 | D:12     | Reached skill level 13 in Fighting
 18272 | D:12     | Noticed a four-headed hydra
 18281 | D:12     | Killed a four-headed hydra
 18801 | Lair:1   | Entered Level 1 of the Lair of Beasts
 19466 | Lair:1   | Reached skill level 10 in Armour
 19720 | Lair:1   | Reached skill level 14 in Fighting
 20365 | Lair:1   | Reached skill level 1 in Crossbows
 20948 | Lair:2   | Noticed an eight-headed hydra
 20963 | Lair:2   | Killed an eight-headed hydra
 20964 | Lair:2   | Reached XP level 14. HP: 96/96 MP: 14/14
 21238 | Lair:2   | Received a gift from Trog
 21581 | Lair:2   | Reached skill level 5 in Crossbows
 21670 | Lair:2   | Identified the ring "Joabowuh" {Int+3 Dex+6}
 22561 | Lair:3   | Reached skill level 15 in Fighting
 23002 | Lair:3   | Found a staircase to the Shoals.
 23396 | Lair:3   | Found a hole to the Spider Nest.
 24281 | Lair:4   | Reached skill level 16 in Fighting
 25172 | Lair:4   | Received a gift from Trog
 26413 | Lair:5   | Reached skill level 1 in Evocations
 26739 | Lair:5   | Found a staircase to the Slime Pits.
 27107 | Lair:6   | Entered Level 6 of the Lair of Beasts
 27432 | Lair:6   | Reached XP level 15. HP: 62/106 MP: 15/15
 27727 | Lair:6   | Reached skill level 17 in Fighting
 28036 | Lair:6   | Reached skill level 5 in Evocations
 29286 | Lair:6   | Found a runed translucent door.
 29705 | Lair:6   | Paralysed by a hornet for 3 turns
 29708 | Lair:6   | HP: 1/107 [tyrant leech (18)]
 31317 | Orc:1    | Entered Level 1 of the Orcish Mines
 31533 | Orc:1    | Received a gift from Trog
 31581 | Orc:1    | Noticed an orc warlord
 31623 | Orc:1    | Killed an orc warlord
 31818 | Orc:1    | Reached skill level 18 in Fighting
 32525 | Orc:1    | Noticed Erolcha
 32532 | Orc:1    | Killed Erolcha
 32725 | Orc:2    | Entered Level 2 of the Orcish Mines
 32725 | Orc:2    | Found a staircase to the Elven Halls.
 33338 | Orc:2    | Reached XP level 16. HP: 114/114 MP: 16/16
 33373 | Orc:2    | Received a gift from Trog
 33430 | Orc:2    | Noticed Snorg
 33434 | Orc:2    | Killed Snorg
 34003 | Orc:2    | Reached skill level 10 in Evocations
 34008 | Orc:2    | Reached ****** piety under Trog
 34235 | Orc:2    | Found Athreod's Book Shop.
 34236 | Orc:2    | Found Zoimox's Assorted Antiques.
 34238 | Orc:2    | Found Ihadupru's Antique Weapon Shop.
 34238 | Orc:2    | Found Buno Hog's General Store.
 34243 | Orc:2    | Bought a glowing arbalest for 180 gold pieces
 34247 | Orc:2    | Bought a scroll labelled XUGICECHAD for 34 gold pieces
 34299 | Orc:2    | Received a gift from Trog
 35566 | D:13     | Identified the +7 quarterstaff of Corporal Punishment
                  | {antimagic, *Corrode Dex+7}
 35761 | D:13     | Found a gate to the Vaults.
 36818 | D:15     | Entered Level 15 of the Dungeon
 36838 | D:15     | Found a radiant altar of Vehumet.
 37015 | D:15     | Found a gate leading to a gauntlet.
 37049 | Gauntlet | Entered a Gauntlet
 37049 | Gauntlet | Found a transporter.
 37110 | Gauntlet | Found a transporter.
 37156 | Gauntlet | Found a transporter.
 37177 | Gauntlet | Found a transporter.
 37223 | Gauntlet | Found a transporter.
 37225 | Gauntlet | Found a transporter.
 37252 | Gauntlet | Found a transporter.
 37311 | Gauntlet | Found a transporter.
 37314 | Gauntlet | Found a transporter.
 37335 | Gauntlet | Reached skill level 19 in Fighting
 37336 | Gauntlet | Identified the ring of Jufan {Wiz rPois Dex+2}
 37578 | Gauntlet | Found a transporter.
 37598 | Gauntlet | Found a transporter.
 37617 | Gauntlet | Found a transporter.
 37681 | Gauntlet | Identified the +10 scimitar of Saltpetre {freeze, rF+ rN+
                  | Int+4 Dex-3}
 37777 | D:15     | Reached skill level 1 in Long Blades
 37911 | D:15     | Received a gift from Trog
 37978 | D:15     | Paralysed by something for 5 turns
 38459 | D:15     | Paralysed by a great orb of eyes for 7 turns
 38487 | D:15     | Paralysed by a great orb of eyes for 3 turns
 38495 | D:15     | Blown up by a great orb of eyes

Illustrated notes

Levels and vault maps discovered:
D:1:      dpeg_arrival_brainrot, layout_basic, nrook_campfire,
          minmay_tetromino_l2
D:2:      layout_basic, serial_bayou_pond_d
D:3:      layout_basic, minitemple, portal_sewer_entry_a, serial_forest,
          infiniplex_forest_clump_C, infiniplex_forest_lined_4_way,
          infiniplex_forest_diagonal, infiniplex_forest_zigzag_1,
          infiniplex_forest_corner_1, infiniplex_forest_clump_large,
          infiniplex_forest_fountain, shapermc_ecumenical_altar_hornbeckon,
          chequers_serial_rivers_large_b, uniq_natasha, uniq_grinder, uniq_robin
D:4:      layout_cave_pods, temple_statues, gammafunk_ghost_arena
D:5:      layout_basic, serial_shops, shop
D:6:      layout_loops_ring, serial_rivers, chequers_serial_rivers_small_a,
          chequers_serial_rivers_small_3, chequers_serial_rivers_room_b,
          chequers_serial_rivers_micro_b, chequers_serial_rivers_micro_b,
          chequers_serial_rivers_micro_b, gammafunk_ghost_cemetery
D:7:      lemuel_castle_with_subvaults [lemuel_castle_interior_carwin_1],
          layout_basic, grunt_ministairs_10
D:8:      layout_loops_corners, grunt_qazlal_clouds
D:9:      layout_roguey, okawaru_trees_2,
          chequers_temple_overflow_statue_of_worship, erik_lair_orcish_takeover,
          david_orc_5, minivault_20, minmay_mirror_moons_of_madness
D:10:     hangedman_cross_cluster, layout_small_grid
D:11:     layout_basic, uniq_maurice
D:12:     layout_basic
D:13:     layout_loops_ring, david_vaults_5
D:14:     layout_big_octagon, minmay_misc_feat_plants,
          portal_ice_cave_entry_pillars_2
D:15:     gammafunk_enter_depths_forms, layout_basic, serial_curves,
          eino_curves_04, eino_curves_04, gauntlet_entry_generic, vehumet_statue
Lair:1:   layout_regular_city, beast_lair_carwin_3
Lair:2:   layout_concentric_octagons, grunt_forest_large_clearing_hut,
          serial_bayou_shore_b, lemuel_fruit_tree, grunt_megastairs_2,
          minmay_lair_oklob_chamber
Lair:3:   layout_hall_layers, elwin_shoals_entry_rocks,
          spider_nest_entry_rubble, cheibrodos_lair_lostbears
Lair:4:   layout_hall_layers, serial_bayou, serial_bayou_pond_a,
          serial_bayou_lake_a, serial_bayou_lagoon_b, serial_bayou_crossing,
          grunt_forest_small_clearings, fungi_pond_lemuel
Lair:5:   layout_cave_pods, minmay_slime_entry_oklob_enclosed, serial_forest,
          infiniplex_forest_clump_curved, infiniplex_forest_lined_room_2,
          infiniplex_forest_clump_diagonal, infiniplex_forest_lined_corner,
          infiniplex_forest_clump_medium, infiniplex_forest_clump_tiny,
          infiniplex_forest_corner_1, infiniplex_forest_lined_3_way,
          infiniplex_forest_end_1, wad_woods_03, lemuel_fruit_fields
Lair:6:   wormcave, layout_long_grid, hangedman_lair_tendril_chambers
Orc:1:    layout_caves, kennysheep_orc_chapel, uniq_erolcha
Orc:2:    st_orc_mages, layout_diamond_mine, uniq_snorg

Skill      XL: |  1  2  3  4  5  6  7  8  9 10 11 12 13 14 15 16 |
---------------+-------------------------------------------------+-----
Stealth        | 1 2 3 4 5 7 8 9 10 | 10.0
Short Blades   | 5 6 8 9 10 | 10.0
Fighting       | 5 6 10 12 14 16 18 19 | 19.0
Armour         | 3 6 8 10 | 10.0
Dodging        | 5 6 7 9 10 12 | 12.2
Shields        | 5 |  5.6
Crossbows      | 3 7 |  7.7
Evocations     | 3 9 10 | 10.0
Long Blades    | 4 |  4.1

Action                   |  1- 3 |  4- 6 |  7- 9 | 10-12 | 13-15 | 16-18 || total
-------------------------+-------+-------+-------+-------+-------+-------++-------
Melee: Short sword       |    42 |    13 |       |   506 |  1431 |       ||  1992
       Dagger            |    46 |   129 |   461 |   506 |    20 |       ||  1162
       Quick blade       |       |       |       |       |   315 |   631 ||   946
Invok: Berserk           |       |     3 |     4 |    21 |    29 |    13 ||    70
       Trog's Hand       |       |       |       |     1 |     1 |     2 ||     4
       Brothers in Arms  |       |       |       |       |     1 |     1 ||     2
Evoke: Wand              |       |       |       |     3 |     4 |     1 ||     8
  Use: Scroll            |       |     1 |    16 |     6 |    12 |     3 ||    38
       Potion            |       |       |       |     3 |    10 |     3 ||    16
 Stab: Sleeping          |     8 |    12 |    13 |    21 |    43 |     9 ||   106
       Distracted        |       |       |       |     5 |     5 |     2 ||    12
       Fleeing           |       |       |       |     1 |       |       ||     1
       Invisible         |       |       |       |       |     4 |       ||     4
Armor: Ring mail         |    14 |     4 |       |       |       |       ||    18
       Pearl dragon scal |       |    36 |   108 |   258 |   340 |   137 ||   879
       Plate armour      |       |       |       |    18 |       |       ||    18
Dodge: Dodged            |    47 |    49 |   161 |   394 |   769 |   211 ||  1631
Block: Buckler           |       |       |       |   129 |   431 |       ||   560

Table legend: (Time is in decaauts)
 A = Elapsed time spent in this place.
 B = Non-inter-level travel time spent in this place.
 C = Inter-level travel time spent in this place.
 D = Time resting spent in this place.
 E = Time spent auto-exploring this place.
 F = Levels seen in this place.
 G = Mean time per level.
                   A        B        C        D        E       F      G
               +--------+--------+--------+--------+--------+-----+--------+
         Total |  37313 |  35832 |   1481 |   9877 |  19221 |  25 | 1492.5 |
       Dungeon |  21608 |  20574 |   1034 |   5368 |  11404 |  15 | 1440.5 |
          Lair |  11849 |  11467 |    382 |   3103 |   6655 |   6 | 1974.8 |
  Orcish Mines |   2936 |   2872 |     64 |    968 |   1045 |   2 | 1468.0 |
         Sewer |    276 |    276 |      0 |    127 |    116 |   1 |  276.0 |
      Gauntlet |    642 |    642 |      0 |    310 |      0 |   1 |  642.0 |
               +--------+--------+--------+--------+--------+-----+--------+

Top non-repeatable levels by time:
  Lair:6: 3863 daAuts
     D:9: 2691 daAuts
     D:7: 2260 daAuts
    D:10: 2118 daAuts
  Lair:4: 1730 daAuts
   Orc:2: 1694 daAuts
  Lair:5: 1636 daAuts
  Lair:2: 1610 daAuts
     D:3: 1592 daAuts
  Lair:3: 1584 daAuts
    D:11: 1515 daAuts
     D:6: 1425 daAuts
  Lair:1: 1425 daAuts
     D:1: 1410 daAuts
     D:5: 1381 daAuts
